 Dungeon Crawl Stone Soup version 0.21.1-1-g345015fe64 (webtiles) character file.

14304 Jesperson the Fighter (level 11, -21/105 HPs)
             Began as a Minotaur Abyssal Knight on July 18, 2018.
             Was a High Priest of Lugonu.
             Killed from afar by a tengu reaver (50 damage)
             ... with a fireball
             ... on level 12 of the Dungeon on July 19, 2018.
             The game lasted 01:58:43 (16364 turns).

Jesperson the Fighter (Minotaur Abyssal Knight)    Turns: 16364, Time: 01:58:44

Health: -21/105    AC: 14    Str: 20    XL:     11   Next: 87%
Magic:  15/15      EV:  9    Int:  9    God:    Lugonu [*****.]
Gold:   652        SH:  6    Dex: 13    Spells: 10/10 levels left

rFire    . . .     SeeInvis .   o - +0 hand axe (flame)
rCold    + . .     Gourm    .   t - +3 buckler
rNeg     . . .     Faith    .   E - +5 scale mail of Wagemo {Dex+3 Stlth+}
rPois    +         Spirit   .   (helmet restricted)
rElec    .         Reflect  .   (no cloak)
rCorr    .         Harm     .   S - +0 pair of gloves
MR       .....     Rnd*Rage +   (no boots)
Stlth    +.........             (no amulet)
HPRegen  0.27/turn              K - ring of protection from cold
MPRegen  0.14/turn              H - ring of poison resistance

@: extremely drained
A: retaliatory headbutt, beak, horns 2, thin metallic scales 1, berserk 1,
sturdy frame 1
a: Depart the Abyss, Bend Space, Banish, Corrupt, Enter the Abyss, Renounce
Religion


You were on level 12 of the Dungeon.
You worshipped Lugonu.
Lugonu was extremely pleased with you.
You were not hungry.

You visited 1 branch of the dungeon, and saw 12 of its levels.
You visited the Abyss 1 time.
You also visited: Sewer.

You collected 738 gold pieces.
You spent 86 gold pieces at shops.

Inventory:

Hand Weapons
 a - a +1 hand axe
 j - a +0 vampiric hand axe
 o - a +0 hand axe of flaming (weapon)
 u - a +0 trident of protection
 w - a cursed -1 whip
 y - the cursed +1 dagger "Goeqe" {pierce, rC+ rN+ Dex+4}
   (You found it in a sewer)

   It inflicts extra damage upon your enemies.
   It affects your dexterity (+4).
   It protects you from cold.
   It protects you from negative energy.
   It has a curse placed upon it.
 F - a +0 war axe
 L - a cursed -1 hand axe
 M - a +0 war axe
Armour
 l - a +3 leather armour
 t - a +3 buckler (worn)
 D - a +0 pair of boots
 E - the +5 scale mail of Wagemo (worn) {Dex+3 Stlth+}
   (You found it on level 6 of the Dungeon)

   It affects your dexterity (+3).
   It makes you more stealthy.
 G - a +3 ring mail
 S - a +0 pair of gloves (worn)
 U - a +0 plate armour
Jewellery
 f - an uncursed ring of stealth
 h - a +1 ring of evasion
 z - an uncursed amulet of rage
 A - an uncursed ring of ice
 H - a ring of poison resistance (right hand)
 K - a ring of protection from cold (left hand)
Wands
 b - a wand of digging (7)
 B - a wand of enslavement (14)
 O - a wand of paralysis (17)
 Q - a wand of disintegration (8)
 W - a wand of scattershot (7)
Scrolls
 e - 2 scrolls of amnesia
 g - 4 scrolls of remove curse
 k - a scroll of random uselessness
 m - 5 scrolls of magic mapping
 T - a scroll of holy word
Potions
 d - a potion of brilliance
 n - 2 potions of flight
Books
 J - a book of Debilitation

   Spells                             Type                      Level
   a - Corona                         Hexes                        1
   b - Slow                           Hexes                        2
   c - Inner Flame                    Hexes/Fire                   3
   d - Portal Projectile              Hexes/Translocation          3
   e - Cause Fear                     Hexes                        4
   f - Leda's Liquefaction            Hexes/Earth                  4
 N - a book of Party Tricks

   Spells                             Type                      Level
   a - Summon Butterflies             Summoning                    1
   b - Apportation                    Translocation                1
   c - Lesser Beckoning               Translocation                3
   d - Tukima's Dance                 Hexes                        3
   e - Alistair's Intoxication        Transmutation/Poison         5
   f - Invisibility                   Hexes                        6
 P - a book of Cantrips

   Spells                             Type                      Level
   a - Confusing Touch                Hexes                        1
   b - Animate Skeleton               Necromancy                   1
   c - Summon Small Mammal            Summoning                    1
   d - Apportation                    Translocation                1
Comestibles
 c - 12 rations


   Skills:
 * Level 12.7(0.0) Fighting
 + Level 12.3(0.0) Axes
 + Level 8.5(0.0) Armour
 - Level 1.1(0.0) Dodging
 * Level 9.8(0.0) Shields
 * Level 7.0(0.0) Invocations


You had 10 spell levels left.
You didn't know any spells.

Dungeon Overview and Level Annotations

Branches:
Dungeon (12/15)            Temple (0/1) D:7            Lair (0/6) D:8
    Orc (0/2) D:10

Altars:
Dithmenos
Gozag
Hepliaklqana
Makhleb
Nemelex Xobeh
Qazlal
Ru
Trog
Uskayaw
Vehumet
Wu Jian
Zin

Shops:
D:7 ?[}*%   D:10 **

Portals:
Trove: D:10 (give +3 shadow dragon scales)

Annotations:
D:11 Sonja
Abyss:1 Snorg


Innate Abilities, Weirdness & Mutations

You reflexively headbutt those who attack you in melee.
You have a pair of horns on your head.
You have a beak for a mouth.
You are partially covered in thin metallic scales. (AC +2)
You tend to lose your temper in combat.
Your movements are slightly less encumbered by armour. (ER -2)


Message History

You hit the slime creature. You burn the slime creature.
You block the slime creature's attack.
The slime creature hits you but does no damage. x2
You barely miss the slime creature. You peck the slime creature.
The slime creature is heavily wounded.
You hit the slime creature. You burn the slime creature.
The slime creature hits you!
The slime creature hits you but does no damage.
The slime creature barely misses you. You furiously retaliate!
You headbutt the slime creature. You block the slime creature's attack.
There is a large open door here.
The slime creature hits you!
Two slime creatures merge to form a large slime creature.
The tengu reaver gestures at you while chanting.
The fireball explodes!
The fireball engulfs you!
* * * LOW HITPOINT WARNING * * *
The tengu reaver casts a spell at you.
The fireball explodes!
The fireball engulfs you!
You die...

##.)...## ###..#
###.# ##...## #.##
#.# ##'## #.# #.#
#.# #Q# #.# #.# #.#
#.# ##.## #.# #.#
##...## #.# #.#
#.....#########.#
###
####............@.#
........###########
#####.### #.# #.#
#.# #.# #.# #.#
####


You could see a tengu reaver.

Vanquished Creatures
  4 two-headed ogres
  Nergalle (D:11)
  Pikel (D:4)
  An ugly thing (D:11)
  2 trolls
  A slime creature (D:12)
  A human (D:12)
  6 yaks (D:12)
  A hungry ghost (D:11)
  A hog (D:12)
  A wyvern (D:9)
  Edmund (D:6)
  A water moccasin (D:9)
  9 orc warriors
  3 sky beasts
  A swamp drake (D:10)
  2 hornet zombies
  5 ice beasts
  2 phantoms
  2 necrophages
  8 centaurs
  3 ogres
  A big kobold (D:8)
  8 bullfrogs
  A wyvern zombie (D:11)
  A wyvern skeleton (D:6)
  3 scorpions
  9 killer bees
  4 howler monkeys
  4 crimson imps
  2 bullfrog zombies
  8 hounds
  3 jellies
  14 orc priests
  An iron imp (D:2)
  8 orc wizards
  A bullfrog skeleton (D:5)
  6 centaur skeletons
  6 iguanas
  7 worker ants
  4 hound zombies
  A worker ant zombie (D:10)
  6 gnolls
  2 river rats (D:4)
  11 adders
  4 shadow imps
  10 oozes
  An adder zombie (D:5)
  An adder skeleton (D:5)
  2 worms
  A dart slug (D:2)
  15 leopard geckos
  56 orcs
  13 ball pythons
  20 giant cockroaches
  9 hobgoblins
  5 jackals
  13 kobolds
  6 quokkas
  10 bats
  16 frilled lizards
  8 goblins
  A leopard gecko skeleton (D:6)
  2 quokka skeletons (D:4)
  13 rats
374 creatures vanquished.

Vanquished Creatures (collateral kills)
  An orc warrior (D:12)
1 creature vanquished.

Grand Total: 375 creatures vanquished

Notes
Turn   | Place    | Note
-------+----------+-------------------------------------------
     0 | Abyss:1  | Jesperson the Minotaur Abyssal Knight began the quest for the Orb.
     0 | Abyss:1  | Reached XP level 1. HP: 19/19 MP: 1/1
     8 | D:1      | Escaped the Abyss
   246 | D:1      | Reached XP level 2. HP: 22/27 MP: 2/2
   370 | D:1      | Reached ** piety under Lugonu
   726 | D:1      | Reached XP level 3. HP: 34/34 MP: 3/3
   952 | D:2      | Found a stormy altar of Qazlal.
  1042 | D:2      | Found a burning altar of Makhleb.
  1049 | D:2      | Gained mutation: You have a beak for a mouth. [potion of mutation]
  1049 | D:2      | Gained mutation: You tend to lose your temper in combat. [potion of mutation]
  1049 | D:2      | Gained mutation: Your movements are slightly less encumbered by armour. (ER -2) [potion of mutation]
  1049 | D:2      | Gained mutation: You are partially covered in thin metallic scales. (AC +2) [potion of mutation]
  1052 | D:2      | Reached skill level 5 in Fighting
  1052 | D:2      | Reached XP level 4. HP: 24/42 MP: 4/4
  1762 | D:3      | Reached *** piety under Lugonu
  1762 | D:3      | Reached XP level 5. HP: 35/49 MP: 5/5
  1961 | D:3      | Found a shadowy altar of Dithmenos.
  2265 | D:3      | Found a hide-covered altar of Uskayaw.
  2628 | D:4      | Reached skill level 1 in Shields
  2679 | D:4      | Reached XP level 6. HP: 54/57 MP: 6/6
  2718 | D:4      | Found a sparkling altar of Nemelex Xobeh.
  2833 | D:4      | Found a glowing drain.
  2837 | Sewer    | Entered a sewer
  2870 | Sewer    | Reached skill level 5 in Axes
  2976 | Sewer    | Reached **** piety under Lugonu
  3183 | Sewer    | Reached XP level 7. HP: 55/64 MP: 7/7
  3188 | Sewer    | Got an ancient dagger
  3338 | D:4      | Identified the cursed +1 dagger "Goeqe" {pierce, rC+ rN+ Dex+4} (You found it in a sewer)
  3653 | D:4      | You fall through a shaft!
  3653 | D:5      | Entered Level 5 of the Dungeon
  3776 | D:4      | Noticed Pikel
  3780 | D:4      | Reached ***** piety under Lugonu
  3787 | D:4      | Killed Pikel
  3787 | D:4      | Reached XP level 8. HP: 47/74 MP: 8/8
  3937 | D:4      | Found a radiant altar of Vehumet.
  4520 | D:5      | Found an opulent altar of Gozag.
  4987 | D:6      | Reached skill level 5 in Shields
  5062 | D:6      | Noticed Edmund
  5071 | D:6      | Killed Edmund
  5134 | D:6      | Got a smoking scale mail
  5265 | D:5      | Reached XP level 9. HP: 66/84 MP: 10/10
  5655 | D:6      | Identified the +5 scale mail of Wagemo {Dex+3 Stlth+} (You found it on level 6 of the Dungeon)
  6108 | D:6      | Reached skill level 10 in Fighting
  6337 | D:6      | Noticed a two-headed ogre
  6369 | D:6      | Killed a two-headed ogre
  6369 | D:6      | Reached skill level 10 in Axes
  6844 | D:7      | Found Guybeymm's Antique Armour Boutique.
  6857 | D:7      | Found a hazy altar of Hepliaklqana.
  6885 | D:7      | Found Muamn's General Store.
  6920 | D:7      | Found a staircase to the Ecumenical Temple.
  6955 | D:7      | Found Nakkogg's Food Shop.
  7087 | D:7      | Found Founithu's Gadget Shoppe.
  7239 | D:7      | Found Naymakh's Magic Scroll Emporium.
  7242 | D:7      | Bought a scroll of identify for 24 gold pieces
  7426 | D:8      | Noticed a troll
  7434 | D:9      | Reached skill level 5 in Armour
  7434 | D:9      | Reached XP level 10. HP: 31/94 MP: 12/12
  7976 | D:8      | Reached skill level 5 in Invocations
  8817 | D:8      | Found a staircase to the Lair.
  8947 | D:8      | Found a sparkling altar of Nemelex Xobeh.
  8947 | D:8      | Found a bloodstained altar of Trog.
  8948 | D:8      | Found a glowing silver altar of Zin.
  8978 | D:9      | You fall through a shaft for 3 floors!
  9802 | D:11     | Noticed a green ugly thing
  9928 | D:11     | Killed a green ugly thing
  9968 | D:11     | Reached ****** piety under Lugonu
  9972 | D:11     | Noticed a two-headed ogre
  9977 | D:11     | Noticed a two-headed ogre
  9985 | D:11     | Killed a two-headed ogre
  9998 | D:10     | Entered Level 10 of the Dungeon
 10032 | D:10     | Found Tuokkoir's Elemental Accessories.
 10078 | D:10     | Reached XP level 11. HP: 95/103 MP: 14/14
 10177 | D:10     | Found a portal to a secret trove of treasure.
 10340 | D:9      | You fall through a shaft for 3 floors!
 10340 | D:12     | Found the +7 Kryia's mail coat {PotionHeal*2 rC+}
 10340 | D:12     | Noticed an ettin
 10340 | D:12     | Noticed a tengu reaver
 10341 | D:12     | Noticed a tengu reaver
 10341 | D:12     | Noticed a fire giant
 10443 | D:11     | Killed a two-headed ogre
 10667 | D:10     | Found a staircase to the Orcish Mines.
 10976 | D:10     | Found Xuacs's Assorted Antiques.
 11582 | D:9      | Found an ornate altar of the Wu Jian Council.
 11583 | D:9      | Found a sacrificial altar of Ru.
 11922 | D:11     | Noticed Nergalle
 11957 | D:11     | Killed Nergalle
 12283 | D:11     | Noticed a two-headed ogre
 12296 | D:11     | Killed a two-headed ogre
 12503 | D:11     | Noticed Snorg
 12506 | D:11     | Banished Snorg
 12708 | D:11     | Noticed Sonja
 12781 | D:11     | HP: 2/105 [Sonja/uncursed dagger of draining (5)]
 12828 | D:11     | HP: 3/105 [Sonja/uncursed dagger of draining (4)]
 12828 | D:11     | HP: 1/105 [Sonja/uncursed dagger of draining (2)]
 13854 | D:7      | Found Guybeymm's Antique Armour Boutique.
 13904 | D:7      | Found Naymakh's Magic Scroll Emporium.
 14023 | D:10     | Bought a scroll labeled AVVA APPESH for 31 gold pieces
 14023 | D:10     | Bought a scroll labeled LEJEAC ROQEXZE for 31 gold pieces
 16364 | D:12     | Killed from afar by a tengu reaver

Skill      XL: |  1  2  3  4  5  6  7  8  9 10 11 |
---------------+----------------------------------+-----
Fighting       | 4 5 6 8 9 10 11 12 | 12.7
Axes           | 3 4 5 6 8 10 11 12 | 12.3
Invocations    | 2 3 4 5 7 |  7.0
Armour         | 3 4 5 6 8 |  8.5
Shields        | 1 2 3 5 6 8 9 |  9.8
Dodging        | |  1.1

Action                   |  1- 3 |  4- 6 |  7- 9 | 10-12 || total
-------------------------+-------+-------+-------+-------++-------
Melee: Hand axe          |    85 |   281 |   294 |   639 ||  1299
       Headbutt          |    16 |    43 |    56 |   153 ||   268
       Peck              |     1 |    24 |    62 |   127 ||   214
Invok: Banish            |       |       |       |     2 ||     2
  Use: Scroll            |     2 |     1 |    11 |    18 ||    32
       Potion            |     1 |       |     4 |    15 ||    20
 Stab: Distracted        |       |       |     1 |       ||     1
       Sleeping          |       |       |       |     2 ||     2
  Eat: Chunk             |       |     5 |       |     8 ||    13
       Ration            |       |     1 |     4 |     7 ||    12
Armor: Leather armour    |    32 |    91 |    84 |       ||   207
       Scale mail        |       |       |    48 |   349 ||   397
       Skin              |       |       |       |    76 ||    76
Dodge: Dodged            |    42 |   141 |   155 |   307 ||   645
Block: Buckler           |       |    32 |    67 |   237 ||   336
